 Dungeon Crawl Stone Soup version 0.22-a0-183-g9e71ff9 (webtiles) character file.

7326 wolfsongas the Fighter (level 11, -7/123 HPs)
             Began as an Ogre Fighter on Feb 14, 2018.
             Was a High Priest of Okawaru.
             Killed by divine providence
             ... invoked by an orc priest
              (13 damage)
             ... on level 10 of the Dungeon.
             The game lasted 00:22:19 (9137 turns).

wolfsongas the Fighter (Ogre Fighter)               Turns: 9137, Time: 00:22:20

Health: -7/123     AC: 15    Str: 24 (25) XL:     11   Next: 13%
Magic:  10/11      EV: 12    Int:  9      God:    Okawaru [*****.]
Gold:   565        SH:  0    Dex:  8      Spells: 10/10 levels left

rFire    . . .     SeeInvis .   v - +2 giant spiked club
rCold    . . .     Gourm    .   (shield currently unavailable)
rNeg     . . .     Faith    .   o - +3 troll leather armour {Purgy}
rPois    +         Spirit   .   (helmet restricted)
rElec    .         Reflect  .   h - +1 cloak
rCorr    .         Harm     .   (gloves unavailable)
MR       +....                  (boots unavailable)
Stlth    +.........             (no amulet)
HPRegen  0.70/turn              r - ring of poison resistance
MPRegen  0.12/turn              y - +5 ring of protection

@: very slightly contaminated
A: large, unfitting armour, tough skin 1
a: Heroism, Finesse, Renounce Religion


You were on level 10 of the Dungeon.
You worshipped Okawaru.
Okawaru was extremely pleased with you.
You were not hungry.

You visited 1 branch of the dungeon, and saw 10 of its levels.

You collected 565 gold pieces.

Inventory:

Hand Weapons
 d - a +3 giant club
 v - a +2 giant spiked club (weapon)
Armour
 h - a +1 cloak (worn)
 o - a +3 troll leather armour (worn) {Purgy}
Jewellery
 i - an uncursed ring of see invisible
 q - a +3 ring of intelligence
 r - a ring of poison resistance (left hand)
 y - a +5 ring of protection (right hand)
Wands
 l - a wand of digging (9)
 B - a wand of flame (21)
Scrolls
 b - 4 scrolls of remove curse
 e - 3 scrolls of identify
 j - 7 scrolls of teleportation
 s - a scroll of fog
Potions
 a - a potion of berserk rage
 g - 2 potions of curing
 u - 2 potions of cancellation
Comestibles
 f - 15 rations


   Skills:
 + Level 11.8 Fighting
 * Level 11.3 Maces & Flails
 + Level 7.3 Dodging
   Level 2.6 Shields


You had 10 spell levels left.
You didn't know any spells.

Dungeon Overview and Level Annotations

Branches:
Dungeon (10/15)            Temple (0/1) D:7
   Lair: D:8-11         Orc: D:9-12

Altars:
Fedhas
Gozag
Kikubaaqudgha
Okawaru
Ru
Trog
Zin
The Shining One


Innate Abilities, Weirdness & Mutations

You are too large for most types of armour.
You have tough skin. (AC +1)


Message History

The troll claws you but does no damage. The hound misses you.
You barely miss the troll.
You feel like a meek peon again. The hound closely misses you.
The troll bites you!
* * * LOW HITPOINT WARNING * * *
The troll misses you. The troll claws you!
* * * LOW HITPOINT WARNING * * *
Okay, then.
Blink to where?
Press: ? - help, Dir - move target cursor You are very lightly contaminated with residual magic.
As you read the scroll of blinking, it crumbles to dust.
Okay, then.
There is a stone staircase leading down here.
You climb downwards. 2 orcs and an orc priest come into view.
The orc shouts! x2; You hear a shout!
The orc priest invokes the aid of Beogh against you.
Beogh smites you!
You die... ....... ....... ....... #............o #............o ### #......... .oo

....
#........####'###.....
......$.'....@.......
.......#............
########...#............
:......'...'........####
...#####...#..#######
...#....>..####
...#.........
...#...........
...#.......####


You could see 2 orc priests and 2 orcs.

Vanquished Creatures
  A two-headed ogre (D:9)
  The ghost of dickylongcocking the Cruncher, a novice FoFi of Yredelemnul (D:8)
  Pikel (D:6)
  A troll (D:9)
  The ghost of princeOfDonkeys the Shield-Bearer, an amateur FoFi (D:4)
  A hornet (D:8)
  Prince Ribbit (D:6)
  Sigmund (D:4)
  Eustachio (D:6)
  2 hungry ghosts
  A water moccasin (D:9)
  Duvessa (D:5)
  A phantom (D:4)
  2 slaves (D:6)
  Purgy (D:3)
  4 sky beasts
  3 orc warriors
  An ice beast (D:9)
  A necrophage (D:7)
  2 wolves (D:10)
  4 ogres
  5 centaurs
  2 big kobolds
  2 bullfrogs (D:8)
  Dowan (D:5)
  A water moccasin zombie (D:6)
  2 scorpions
  5 killer bees
  4 wights (D:7)
  5 howler monkeys
  4 crimson imps
  3 hounds
  A bullfrog skeleton (D:7)
  6 orc priests
  An iron imp (D:5)
  9 orc wizards
  6 worker ants
  A howler monkey zombie (D:7)
  A worker ant zombie (D:8)
  A howler monkey skeleton (D:8)
  10 adders
  6 gnolls
  An adder zombie (D:8)
  2 worms
  2 dart slugs
  5 leopard geckos
  26 orcs
  2 ball pythons
  3 bats
  6 giant cockroaches
  4 goblins
  8 hobgoblins
  2 jackals (D:6)
  4 quokkas
  6 frilled lizards
  A goblin skeleton (D:5)
  3 goblin zombies (D:5)
  4 hobgoblin zombies (D:5)
  2 jackal skeletons
  9 kobolds
  A kobold skeleton (D:5)
  An orc skeleton (D:5)
  An orc zombie (D:5)
  A quokka zombie (D:8)
  12 rats
214 creatures vanquished.

Notes
Turn   | Place    | Note
-------+----------+-------------------------------------------
     0 | D:1      | wolfsongas the Ogre Fighter began the quest for the Orb.
     0 | D:1      | Reached XP level 1. HP: 24/24 MP: 1/1
   185 | D:1      | Reached XP level 2. HP: 8/32 MP: 2/2
  1033 | D:2      | Reached XP level 3. HP: 40/40 MP: 3/3
  1144 | D:2      | Reached XP level 4. HP: 40/49 MP: 4/4
  1246 | D:2      | Reached skill level 5 in Fighting
  1400 | D:2      | Found an iron altar of Okawaru.
  1424 | D:2      | Became a worshipper of Warmaster Okawaru
  1595 | D:2      | Reached XP level 5. HP: 30/57 MP: 5/5
  2296 | D:2      | Found an ancient bone altar of Kikubaaqudgha.
  2579 | D:3      | Found a glowing silver altar of Zin.
  2621 | D:3      | Noticed Purgy
  2631 | D:3      | Killed Purgy
  2631 | D:3      | Reached XP level 6. HP: 35/67 MP: 6/6
  3347 | D:4      | Reached skill level 5 in Maces & Flails
  3362 | D:4      | Noticed princeOfDonkeys's ghost (amateur FoFi)
  3542 | D:4      | Killed princeOfDonkeys's ghost
  3542 | D:4      | Reached * piety under Okawaru
  3542 | D:4      | Reached XP level 7. HP: 43/76 MP: 7/7
  3961 | D:4      | Noticed Sigmund
  3974 | D:4      | Killed Sigmund
  4054 | D:4      | Reached XP level 8. HP: 74/88 MP: 5/8
  4084 | D:4      | You fall through a shaft for 2 floors!
  4084 | D:6      | Found a sacrificial altar of Ru.
  4088 | D:5      | Entered Level 5 of the Dungeon
  4088 | D:5      | Noticed Duvessa
  4088 | D:5      | Noticed Dowan
  4893 | D:5      | Reached ** piety under Okawaru
  5031 | D:5      | Found a glowing golden altar of the Shining One.
  5132 | D:5      | Killed Duvessa
  5143 | D:5      | Killed Dowan
  5401 | D:6      | Noticed Pikel
  5403 | D:6      | Found a blossoming altar of Fedhas.
  5424 | D:6      | Killed Pikel
  5424 | D:6      | Reached XP level 9. HP: 98/98 MP: 9/9
  5430 | D:6      | Noticed Eustachio
  5445 | D:6      | Killed Eustachio
  5445 | D:6      | Reached *** piety under Okawaru
  5531 | D:6      | Reached skill level 5 in Dodging
  5704 | D:6      | Noticed Prince Ribbit
  5709 | D:6      | Killed Prince Ribbit
  5991 | D:7      | Found an opulent altar of Gozag.
  6031 | D:7      | Reached skill level 10 in Fighting
  6321 | D:7      | Got a crystal shortbow
  6327 | D:7      | Identified the +9 shortbow "Oddim" {venom, Int+3} (You found it on level 7 of the Dungeon)
  6415 | D:7      | Reached XP level 10. HP: 110/110 MP: 8/10
  6459 | D:7      | Found a staircase to the Ecumenical Temple.
  6665 | D:8      | Reached **** piety under Okawaru
  6678 | D:8      | Noticed dickylongcocking's ghost (novice FoFi)
  6703 | D:8      | Killed dickylongcocking's ghost
  6703 | D:8      | Reached skill level 10 in Maces & Flails
  7166 | D:8      | Noticed a moth of wrath
  7170 | D:8      | Found a bloodstained altar of Trog.
  7639 | D:9      | Noticed a two-headed ogre
  7650 | D:9      | HP: 2/113 [two-headed ogre/giant club (15)]
  7655 | D:9      | Killed a two-headed ogre
  7655 | D:9      | Reached ***** piety under Okawaru
  7934 | D:9      | Reached XP level 11. HP: 119/122 MP: 11/11
  8536 | D:10     | Entered Level 10 of the Dungeon
  9131 | D:9      | HP: 1/123 [troll (10)]
  9137 | D:10     | Killed from afar by an orc priest

Vault maps used:
D:1:      dpeg_arrival_shrine, serial_forest, infiniplex_forest_straight_4,
          infiniplex_forest_straight_1, infiniplex_forest_straight_3,
          infiniplex_forest_lined_2, infiniplex_forest_end_2,
          grunt_decor_arrowhead
D:2:      marbit_many_paths, okawaru_gym_becter
D:3:      zin_treasury, uniq_purgy
D:4:      uniq_sigmund
D:5:      first_ration, nicolae_tso_besieged_by_evil, uniq_duvessa
D:6:      fedhas_altar_3, nicolae_overflow_hidden_temple,
          hangedman_decor_slide_cut, uniq_prince_ribbit1, uniq_eustachio,
          uniq_pikel
D:7:      old_standard_altar, minmay_temple_entry_fiery
D:8:      kennysheep_doodads, blue_anna_alchemist, tgw_trog
D:9:      grunt_ministairs_6, hangedman_decor_growths, minmay_statues_item
D:10:     erik_lair_island, onia_ninara_cookie

Skill      XL: |  1  2  3  4  5  6  7  8  9 10 |
---------------+-------------------------------+-----
Maces & Flails | 2 3 4 5 6 8 9 11 | 11.3
Fighting       | 5 6 7 9 10 11 | 11.8
Dodging        | 3 4 5 7 |  7.3
Shields        | |  2.6

Action                   |  1- 3 |  4- 6 |  7- 9 | 10-12 || total
-------------------------+-------+-------+-------+-------++-------
Melee: Flail             |    86 |   193 |    48 |       ||   327
       Giant club        |       |       |   186 |       ||   186
       Giant spiked club |       |       |    27 |   293 ||   320
Throw: Javelin           |    10 |    20 |       |       ||    30
       Tomahawk          |       |     7 |       |       ||     7
Invok: Heroism           |       |       |    10 |    10 ||    20
Evoke: Wand              |       |     2 |     4 |       ||     6
  Use: Scroll            |     3 |     5 |    14 |     7 ||    29
       Potion            |       |     1 |     4 |     9 ||    14
 Stab: Sleeping          |     1 |       |       |       ||     1
  Eat: Chunk             |     1 |     4 |     5 |     2 ||    12
       Ration            |       |     1 |     3 |     3 ||     7
Armor: Robe              |    19 |    57 |       |       ||    76
       Troll leather arm |       |    30 |   153 |   270 ||   453
       Skin              |       |       |       |    17 ||    17
Dodge: Dodged            |    38 |    78 |   187 |   372 ||   675
Block: Shield            |    36 |   101 |    17 |       ||   154

Table legend:
 A = Spawn XP
 B = Non-spawn XP
 C = Spawn XP percentage of total XP
 D = Spawn monster count
 E = Non-spawn monster count
 F = Spawn count percentage of total count
 G = Total turns spent on level
                    A         B        C        D         E        F      G
               +---------+---------+-------+---------+---------+-------+---------
         Total |       0 |   10467 |   0.0 |       0 |     212 |   0.0 |  9137
               +---------+---------+-------+---------+---------+-------+---------
           D:1 |       0 |      27 |   0.0 |       0 |      17 |   0.0 |   967
           D:2 |       0 |     149 |   0.0 |       0 |      23 |   0.0 |  1407
           D:3 |       0 |     239 |   0.0 |       0 |      18 |   0.0 |  1107
           D:4 |       0 |     893 |   0.0 |       0 |      12 |   0.0 |   925
           D:5 |       0 |     939 |   0.0 |       0 |      38 |   0.0 |   975
           D:6 |       0 |    1422 |   0.0 |       0 |      13 |   0.0 |   536
           D:7 |       0 |    1204 |   0.0 |       0 |      30 |   0.0 |   808
           D:8 |       0 |    2278 |   0.0 |       0 |      29 |   0.0 |   820
           D:9 |       0 |    2713 |   0.0 |       0 |      22 |   0.0 |  1297
          D:10 |       0 |     603 |   0.0 |       0 |      10 |   0.0 |   295
               +---------+---------+-------+---------+---------+-------+---------
